 Dungeon Crawl Stone Soup version 0.31.0-11-ge490571c62 (webtiles) character file.

Game seed: 5780365153268260722

50 LobsterGuardian the Cudgeller (level 3, -1/24 HPs)
             Began as a Gargoyle Monk on Jan 28, 2024.
             Shot with a sling bullet by a goblin (6 damage)
             ... on level 2 of the Dungeon.
             The game lasted 00:03:02 (845 turns).

LobsterGuardian the Cudgeller (Gargoyle Monk)        Turns: 845, Time: 00:03:02

Health: -1/24      AC:  5    Str: 16    XL:     3   Next: 79%
Magic:  3/3        EV: 12    Int: 10    God:
Gold:   45         SH:  0    Dex: 12    Spells: 2/2 levels left

rFire   . . .        a - +0 mace
rCold   . . .        d - orb {light}
rNeg    + . .        b - +0 robe
rPois   ∞            (no helmet)
rElec   +            (no cloak)
rCorr   .            (no gloves)
SInv    .            (no boots)
Will    .....        (no amulet)
Stlth   +            (no ring)
HPRegen 0.24/turn    (no ring)
MPRegen 0.08/turn

%: no passive effects
@: glowing
A: sickness immunity, AC +3, negative energy resistance 1, electricity
resistance, torment resistance 1, petrification resistance
a: no special abilities


You were on level 2 of the Dungeon.
You visited 1 branch of the dungeon, and saw 2 of its levels.

You collected 45 gold pieces.

Inventory:

Hand Weapons
 a - a +0 mace (weapon)
Armour
 b - a +0 robe (worn)
 d - an orb of light (worn)
Jewellery
 e - a ring of fire
Scrolls
 g - a scroll of identify
Potions
 f - a potion of heal wounds


   Skills:
 + Level 3.7 Fighting
 * Level 4.0 Maces & Flails
 + Level 2.8 Dodging


You had 2 spell levels left.
You didn't know any spells.
Your spell library contained the following spells:

 Spells                   Type           Power      Damage    Failure   Level
 Kiss of Death            Conj/Necr      0%         2d5       36%         1
 Confusing Touch          Hex            0%         N/A       75%         3
 Dispel Undead            Necr           0%         3d6       98%         4


Dungeon Overview and Level Annotations

Branches:
Dungeon (2/15)

Altars:


Innate Abilities, Weirdness & Mutations

You are immune to sickness and miasma.
Your stone body is resilient. (AC +3)
You are immune to poison.
You resist negative energy. (rN+)
You are resistant to electric shocks. (rElec)
You are resistant to unholy torment.
You are immune to petrification.


Message History

The gnoll hits you with a +0 club.
You completely miss the gnoll.
The gnoll is moderately wounded.
The gnoll hits you with a +0 club. x2
You hit the gnoll.
The gnoll is moderately wounded.
The endoplasm freezes you.
You are frozen.
The gnoll barely misses you.
You are too injured to fight recklessly!
You are too injured to fight recklessly!
You are too injured to fight recklessly!
You are too injured to fight recklessly!
You are too injured to fight recklessly!
You are too injured to fight recklessly!
You are too injured to fight recklessly!
You are too injured to fight recklessly!
You are too injured to fight recklessly!
You are too injured to fight recklessly!
You are too injured to fight recklessly!
You are too injured to fight recklessly!
Unknown command.
Found 16 gold pieces and a book of Winter.
The endoplasm freezes you.
You are frozen.
The endoplasm completely misses you.
The endoplasm hits you but does no damage.
The endoplasm freezes you.
You are frozen.
The endoplasm attacks as it pursues you!
The endoplasm barely misses you.
A goblin comes into view. It is wielding a +0 club.
The goblin shouts!
The goblin unwields a +0 club.
The goblin wields a +0 sling.
The goblin shoots a sling bullet.
The sling bullet hits you.
The endoplasm attacks as it pursues you!
The endoplasm hits you but does no damage.
You see here a scroll labelled LEJAHAEV AFYIX.
The goblin shoots a sling bullet.
The sling bullet hits you.
* * * LOW HITPOINT WARNING * * *
The goblin shoots a sling bullet.
The sling bullet hits you.
You die...

....# . ..#.####.
## ........ .#
#....... ..
#......# .# ##.$#
#.###..
######..####....#.
#.J?Jrggg..)g.....
#@####..########.#
#............# #.#
#.g..........# #.#
#⌠###8###8#...#
#.# ## ###....
##.# ....:. #...
....... #.g. ..
##... . #....


You could see 3 gnolls, 2 endoplasms, a goblin and a rat.

Vanquished Creatures
  An orc priest (D:2)
  A ribbon worm (D:2)
  2 orcs (D:2)
  2 ball pythons (D:1)
  A giant cockroach (D:1)
  4 goblins
  2 hobgoblins (D:1)
  A bat (D:1)
  A frilled lizard (D:1)
  A kobold (D:1)
  2 rats
18 creatures vanquished.

Notes
Turn   | Place    | Note
-------+----------+-------------------------------------------
     0 | D:1      | LobsterGuardian the Gargoyle Monk began the quest for the
                  | Orb.
     0 | D:1      | Reached XP level 1. HP: 14/14 MP: 1/1
   175 | D:1      | Reached XP level 2. HP: 19/19 MP: 2/2
   655 | D:2      | Reached XP level 3. HP: 19/24 MP: 3/3
   718 | D:2      | Reached skill level 4 in Maces & Flails
   845 | D:2      | Shot with a sling bullet by a goblin

Illustrated notes

Levels and vault maps discovered:
D:1:      lightli_arrival_boilingwater, layout_loops_ring
D:2:      minmay_general_purpose_star, layout_rooms, serial_corexii_hall,
          corexii_hall_statues_l, chequers_hall_statues_corner_a

Skill      XL: |  1  2  3 |
---------------+----------+-----
Maces & Flails | 4 |  4.0
Fighting       | |  3.7
Dodging        | |  2.8

Action                     || total
---------------------------++-------
  Melee: Mace              ||    59
    Use: Scroll            ||     2
         Potion            ||     1
 Armour: Robe              ||    42
  Dodge: Dodged            ||    46
